 Dungeon Crawl Stone Soup version 0.18.1-5-g4a78601 (webtiles) character file.

779 PossumBlood the Cleaver (level 7, -3/57 HPs)
             Began as a Minotaur Fighter on May 10, 2016.
             Killed from afar by an orc wizard (10 damage)
             ... with a magic dart
             ... on level 5 of the Dungeon.
             The game lasted 00:09:45 (4141 turns).

PossumBlood the Cleaver (Minotaur Fighter)          Turns: 4141, Time: 00:09:46

Health: -3/57      AC:  2    Str: 28    XL:     7   Next: 54%
Magic:  6/6        EV: 10    Int: 13    God:
Gold:   257        SH: 10    Dex:  9    Spells: 0 memorised, 6 levels left

rFire  . . .     SeeInvis .     a - +1 war axe
rCold  . . .     Gourm    .     u - +0 robe of Baldness {Int+8 Slay-3} (curse)
rNeg   . . .     Faith    .     c - +0 shield
rPois  .         Spirit   .     (helmet restricted)
rElec  .         Dismiss  .     (no cloak)
rCorr  .         Reflect  .     (no gloves)
SustAt .         Harm     .     (no boots)
MR     .....                    (no amulet)
Stlth  +.........               (no ring)
                                g - +5 ring of strength

@: not resistant to hostile enchantments, very unstealthy
A: retaliatory headbutt, horns 2
a: no special abilities


You were on level 5 of the Dungeon.
You were not hungry.

You visited 1 branch of the dungeon, and saw 5 of its levels.
You also visited: Sewer.

You collected 257 gold pieces.

Inventory:

Hand Weapons
 a - a +1 war axe (weapon)
 e - a +1 great mace of crushing
 t - a +0 hand axe
Missiles
 r - 5 poisoned tomahawks (quivered)
Armour
 c - a +0 shield (worn)
 l - a +4 scale mail
 s - a +1 plate armour
 u - the cursed +0 robe of Baldness (worn) {Int+8 Slay-3}
   (You found it on level 4 of the Dungeon)

   It affects your intelligence (+8).
   It affects your accuracy and damage with ranged weapons and melee attacks
   (-3).
   It has a curse placed upon it.
 v - a +2 leather armour of fire resistance
Jewellery
 g - a +5 ring of strength (left hand)
 w - a cursed ring of loudness {unknown}
Scrolls
 b - 3 scrolls of identify
 i - 3 scrolls of enchant weapon
 p - a scroll of magic mapping
Potions
 d - a potion of might
 h - a potion of cure mutation {unknown}
 j - 3 potions of lignification
 k - a potion of haste {unknown}
 n - a potion of mutation {unknown}
 o - a potion of heal wounds {unknown}
 q - a potion of berserk rage {unknown}
Comestibles
 f - 2 bread rations


   Skills:
 - Level 3.6 Fighting
 * Level 9.5 Axes
 - Level 3.6 Armour
 - Level 3.2 Dodging
 - Level 0.3 Stealth
 - Level 3.6 Shields


You had 6 spell levels left.
You didn't know any spells.

Dungeon Overview and Level Annotations

Branches:
Dungeon (5/15)
 Temple: D:4-7

Altars:
Makhleb
Ru
Sif Muna


Innate Abilities, Weirdness & Mutations

You reflexively headbutt those who attack you in melee.
You have a pair of horns on your head.


Message History

* * * LOW HITPOINT WARNING * * *
You block the orc wizard's attack.
You hit the orc wizard.
You kill the orc wizard!
You slash the orc!
You kill the orc!
You block the orc wizard's attack.
Things that are here:
a dagger; a robe; an orc corpse You miss the orc wizard.
Your headbutt misses the orc wizard.
The orc wizard is lightly wounded.
The orc wizard points at you and mumbles some strange words.
The magic dart hits you!
* * * LOW HITPOINT WARNING * * *
The orc wizard misses you.
You hit the orc wizard.
The orc wizard is moderately wounded.
The orc wizard points at you and mumbles some strange words.
The magic dart hits you!
You die...

#..............#
##.
##############.#
#. #.# ##
########.# #
#.)......#### #
#........#.. #
#........#.# #
#........#'######
#
#........@o)......
#
######............
# #..<......... #
#............ #
#.#+#+#####.. + #.
. # #. .. .. ..


You could see an orc wizard.

Vanquished Creatures
  A hungry ghost (D:5)
  An ogre (D:4)
  A giant frog (Sewer)
  2 hounds
  4 orc wizards
  A centaur skeleton (D:5)
  Robin (D:3)
  12 adders
  A river rat (D:5)
  A shadow imp (D:5)
  An ooze (D:1)
  An adder zombie (D:5)
  An adder skeleton (D:4)
  2 worms
  2 dart slugs
  6 giant geckos
  17 orcs
  5 ball pythons
  9 giant cockroaches
  13 goblins
  14 hobgoblins
  2 jackals (D:2)
  4 quokkas
  13 bats
  10 giant newts
  A jackal skeleton (D:4)
  3 kobolds
  10 rats
139 creatures vanquished.

Notes
Turn   | Place    | Note
--------------------------------------------------------------
     0 | D:1      | PossumBlood the Minotaur Fighter began the quest for the Orb.
     0 | D:1      | Reached XP level 1. HP: 19/19 MP: 0/0
   201 | D:1      | Reached skill level 3 in Axes
   245 | D:1      | Reached XP level 2. HP: 20/26 MP: 1/1
   614 | D:2      | Reached skill level 4 in Axes
   649 | D:2      | Reached XP level 3. HP: 27/31 MP: 2/2
   758 | D:2      | Reached skill level 1 in Dodging
  1020 | D:2      | Found a deep blue altar of Sif Muna.
  1165 | D:2      | Reached XP level 4. HP: 39/39 MP: 3/3
  1314 | D:3      | Noticed Robin
  1321 | D:3      | Reached skill level 5 in Axes
  1325 | D:3      | Killed Robin
  1668 | D:3      | Reached XP level 5. HP: 36/45 MP: 4/4
  2086 | D:3      | Reached skill level 6 in Axes
  2487 | D:4      | Reached XP level 6. HP: 45/51 MP: 5/5
  2569 | D:4      | Found a sacrificial altar of Ru.
  2601 | D:4      | Reached skill level 7 in Axes
  2955 | D:4      | Got a thick robe
  2966 | D:4      | Identified the cursed +0 robe of Baldness {Int+8 Slay-3} (You found it on level 4 of the Dungeon)
  3052 | D:5      | Entered Level 5 of the Dungeon
  3074 | D:5      | Found a glowing drain.
  3204 | Sewer    | Entered a sewer
  3822 | Sewer    | Reached skill level 8 in Axes
  3822 | Sewer    | Reached XP level 7. HP: 47/57 MP: 6/6
  3944 | D:5      | Found a burning altar of Makhleb.
  4028 | D:5      | Noticed a hungry ghost
  4034 | D:5      | Killed a hungry ghost
  4034 | D:5      | Reached skill level 9 in Axes
  4141 | D:5      | Killed from afar by an orc wizard

Skill      XL: |  1  2  3  4  5  6  7 |
---------------+----------------------+-----
Axes           | 3 4 5 6 8 9 |  9.5
Dodging        | 1 2 3 |  3.2
Fighting       | |  3.6
Armour         | |  3.6
Stealth        | |  0.3
Shields        | |  3.6

Action                   |  1- 3 |  4- 6 |  7- 9 || total
-------------------------+-------+-------+-------++-------
Melee: War axe           |    84 |   258 |    39 ||   381
       Headbutt          |    11 |    25 |     7 ||    43
  Use: Scroll            |       |    10 |       ||    10
       Potion            |       |       |     1 ||     1
  Eat: Royal jelly       |     1 |       |       ||     1
       Bread ration      |       |     2 |     1 ||     3
       Fruit             |       |       |     1 ||     1
Armor: Scale mail        |    32 |    48 |       ||    80
       Robe              |       |    15 |     2 ||    17
Dodge: Dodged            |    28 |   102 |    14 ||   144
Block: Shield            |    45 |   158 |    22 ||   225
